Map: [ESL] Dragon Scales

Players

eGGz - Winner!

  • Race: Zerg Zerg
  • Spawn Location: 11:00

PattyMac

  • Race: Protoss Protoss
  • Spawn Location: 5:00

Event: ESL SC2 Masters 2023 Summer (Regionals)

VOD

Have the link to the VOD?

Description

Time

  • Played on: May 5, 2023, 2:29 p.m.
  • Length: 7:47

All games in this series

Show
View Real Time Build Order
Export as new Build Order

eGGz Zerg - Winner!

Build Orders: Hatch First 

Get SALT Encoding   

  12  0:00  Drone  
  13  0:12  Overlord  
  13  0:17  Drone  
  14  0:32  Drone x2  
  16  0:42  Drone  
  18  0:50  Drone  
  18  0:58  Hatchery  
  18  1:01  Drone  
  18  1:04  Extractor  
  17  1:14  Spawning Pool  
  17  1:16  Drone  
  17  1:24  Drone  
  18  1:28  Drone  
  19  1:43  Drone  
  20  1:58  Drone  
  21  2:02  Drone  
  22  2:09  Queen  
  22  2:10  Overlord  
  22  2:11  Queen  
  22  2:12  Metabolic Boost  
  26  2:18  Zergling x2  
  27  2:23  Zergling x2  
  27  2:29  Zergling x2  
  29  2:34  Zergling x2  
  30  2:38  Overlord  
  30  2:42  Drone  
  31  2:45  Queen  
  31  2:47  Drone  
  34  2:54  Drone x2  
  35  3:00  Queen  
  37  3:08  Drone x2  
  37  3:11  Hatchery  
  37  3:14  Zergling x2  
  38  3:22  Overlord  
  38  3:25  Zergling x2  
  39  3:30  Drone  
  39  3:32  Drone  
  39  3:33  Drone x3  
  44  3:39  Queen  
  46  3:41  Zergling x2  
  46  3:42  Zergling x6  
  50  3:49  Drone  
  50  3:53  Drone  
  49  3:59  Zergling x2  
  50  4:05  Drone  
  50  4:09  Extractor, Roach Warren, Queen  
  50  4:10  Drone x2  
  50  4:13  Overlord  
  52  4:20  Overlord  
  50  4:24  Overlord  
  50  4:33  Drone  
  50  4:34  Drone x6  
  55  4:41  Lair  
  55  4:45  Queen  
  54  4:47  Zergling x2  
  54  4:48  Zergling x2  
  54  4:52  Spore Crawler  
  57  4:57  Drone  
  57  4:58  Drone  
  59  5:00  Overlord  
  59  5:02  Roach  
  59  5:03  Roach  
  63  5:08  Spore Crawler  
  63  5:10  Drone x2  
  64  5:17  Drone x2  
  66  5:27  Overlord  
  61  5:31  Roach x5  
  61  5:34  Roach  
  71  5:38  Glial Reconstitution  
  71  5:43  Pneumatized Carapace  
  71  5:48  Drone x2  
  71  5:49  Drone x2  
  75  5:56  Zergling x8, Roach  
  81  6:07  Zergling x12  
  86  6:16  Overlord, Ravager  
  86  6:17  Zergling x6  
  90  6:28  Overlord  
  90  6:33  Overlord  
  88  6:43  Zergling x22  
  88  6:44  Zergling x8  
  98  6:50  Zergling x6  
  98  6:53  Ravager x3  
  101  6:55  Queen  
  103  7:05  Zergling x12  
  101  7:14  Zergling x12  
  106  7:16  Drone  
  106  7:17  Drone  
  106  7:19  Drone  
  105  7:23  Drone  
  105  7:24  Drone  
Show
View Real Time Build Order
Export as new Build Order

PattyMac Protoss 

Build Orders: 1 Gate Expand, Oracle Opening 

Get SALT Encoding   

  12  0:00  Probe  
  13  0:14  Pylon  
  13  0:17  Probe (Chrono Boost)  
  14  0:26  Probe (Chrono Boost)  
  15  0:31  Probe (Chrono Boost)  
  16  0:39  Gateway  
  16  0:44  Probe  
  17  0:51  Assimilator  
  17  0:56  Probe  
  18  1:08  Probe  
  19  1:20  Probe  
  20  1:27  Nexus  
  20  1:36  Cybernetics Core  
  20  1:40  Probe  
  20  1:45  Assimilator  
  21  1:52  Probe  
  22  1:54  Pylon  
  22  2:05  Probe  
  23  2:09  Adept (Chrono Boost)  
  25  2:17  Probe  
  25  2:18  Stargate  
  26  2:28  Warp Gate  
  26  2:29  Probe (Chrono Boost)  
  27  2:32  Adept  
  29  2:40  Probe (Chrono Boost)  
  29  2:44  Pylon  
  31  2:47  Probe (Chrono Boost)  
  31  2:49  Probe (Chrono Boost)  
  32  2:55  Probe  
  33  2:59  Oracle (Chrono Boost)  
  36  3:07  Pylon, Gateway  
  34  3:13  Probe  
  34  3:15  Probe  
  34  3:16  Adept  
  38  3:25  Probe  
  39  3:27  Probe  
  39  3:29  Oracle (Chrono Boost)  
  43  3:37  Probe, Pylon  
  43  3:39  Probe  
  45  3:49  Probe  
  45  3:51  Probe  
  47  4:01  Probe  
  48  4:03  Probe  
  48  4:06  Oracle (Chrono Boost)  
  51  4:13  Probe  
  51  4:15  Probe  
  51  4:17  Nexus  
  53  4:18  Pylon  
  53  4:25  Probe  
  53  4:26  Assimilator  
  53  4:27  Probe, Stalker  
  53  4:28  Assimilator  
  57  4:32  Adept  
  57  4:38  Probe  
  57  4:40  Probe  
  58  4:50  Probe  
  58  4:52  Probe  
  60  4:56  Nexus  
  60  4:57  Adept x2  
  64  5:02  Probe, Twilight Council  
  64  5:03  Forge  
  64  5:04  Probe  
  66  5:10  Pylon  
  67  5:14  Probe  
  67  5:29  Probe  
  67  5:30  Probe  
  67  5:31  Oracle (Chrono Boost)  
  67  5:35  Shield Battery, Protoss Ground Weapons Level 1  
  70  5:38  Charge  
  70  5:40  Gateway x2  
  70  5:41  Probe  
  69  5:43  Probe  
  70  5:54  Probe  
  70  5:55  Gateway x2  
  70  5:56  Templar Archives  
  71  5:58  Oracle (Chrono Boost)  
  74  6:04  Shield Battery  
  74  6:06  Sentry  
  75  6:14  Probe (Chrono Boost)  
  75  6:17  Gateway x2  
  76  6:25  Stalker  
  76  6:27  Shield Battery  
  76  6:29  Oracle (Chrono Boost)  
  81  6:32  Stalker  
  81  6:37  Shield Battery  
  80  6:50  Stalker x5  
  87  6:56  Stalker  
  87  7:01  Shield Battery  
  89  7:03  Shield Battery, Pylon  
  80  7:14  Zealot x6  
  74  7:21  Robotics Facility  
  69  7:34  Pylon  
  68  7:39  Pylon  
  68  7:41  Pylon  
Tags
 
Add a new tag
Caveats
  • Supply blocks, unpowered buildings, or Contaminate may cause inaccurate times.
  • Supply counts are checked every 10 seconds.